 Dungeon Crawl Stone Soup version 0.30-a0-149-g7f746667c4 (webtiles) character file.

Game seed: 14668314032333434904

373 glaedl the Stinger (level 6, 0/45 HPs)
             Began as a Draconian Venom Mage on Sept 27, 2022.
             Succumbed to a water moccasin's poison
             ... on level 5 of the Dungeon.
             The game lasted 00:40:50 (5759 turns).

glaedl the Stinger (Draconian Venom Mage)           Turns: 5759, Time: 00:40:50

Health: 0/45       AC:  6    Str: 10    XL:     6   Next: 43%
Magic:  2/10       EV: 12    Int: 17    God:
Gold:   207        SH:  0    Dex: 12    Spells: 2/11 levels left

rFire   . . .      SeeInvis .    d - +1 dagger
rCold   . . .      Faith    .    (no shield)
rNeg    . . .      Spirit   .    (body armour unavailable)
rPois   .          Reflect  .    (helmet restricted)
rElec   .          Harm     .    (no cloak)
rCorr   .          Rampage  .    (no gloves)
Will    .....                    (no boots)
Stlth   ++........               (no amulet)
HPRegen 0.15/turn                e - ring of wizardry
MPRegen 0.12/turn                (no ring)

@: lethally poisoned (0 -> -3)
A: AC +6, unfitting armour, cold-blooded
a: no special abilities


You were on level 5 of the Dungeon.
You visited 1 branch of the dungeon, and saw 5 of its levels.

You collected 207 gold pieces.

Inventory:

Hand Weapons
 d - a +1 dagger (weapon)
Jewellery
 e - a ring of wizardry (left hand)


   Skills:
 + Level 3.1 Dodging
 + Level 3.3 Stealth
 + Level 3.2 Spellcasting
 + Level 2.9 Transmutations
 + Level 4.2 Poison Magic


You had 2 spell levels left.
You knew the following spells:

 Your Spells              Type           Power      Damage    Failure   Level
a - Sting                 Tmut/Pois      60%        1d6       1%          1
b - Poisonous Vapours     Pois/Air       20%        N/A       4%          2
c - Call Imp              Summ           2%         N/A       11%         2
d - Olgreb's Toxic Radia  Pois           17%        N/A       12%         4

Your spell library contained the following spells:

 Spells                   Type           Power      Damage    Failure   Level
 Magic Dart               Conj           8%         1d3       7%          1
 Mephitic Cloud           Conj/Pois/Air  7%         N/A       12%         3
 Ozocubu's Armour         Ice            2%         N/A       21%         3
 Tukima's Dance           Hex            2%         N/A       21%         3
 Passage of Golubria      Tloc           2%         N/A       52%         4
 Yara's Violent Unravell  Hex/Tmut       3%         3d4       67%         5
 Metabolic Englaciation   Hex/Ice        1%         N/A       86%         5
 Simulacrum               Ice/Necr       1%         N/A       100%        6


Dungeon Overview and Level Annotations

Branches:
Dungeon (5/15)
 Temple: D:4-7

Altars:
Hepliaklqana

Shops:
D:4 ?


Innate Abilities, Weirdness & Mutations

Your plain brown scales are hard. (AC +6)
You cannot fit into any form of body armour.
You are cold-blooded and may be slowed by cold attacks.


Message History

Casting: Call Imp (safe; 11% risk of failure)
Press: ? - help, Q - select action, (/) - cycle Dir - look around, f - activate A beastly little devil appears in a puff of flame.
The water moccasin attacks as you move away!
The water moccasin bites you but does no damage.
Your crimson imp hits the water moccasin.
Your crimson imp blinks!
The water moccasin bites you.
You are lethally poisoned!
The water moccasin poisons you!
* * * LOW HITPOINT WARNING * * *
You feel very sick.
The water moccasin attacks as you move away!
The water moccasin misses you.
* * * LOW HITPOINT WARNING * * *
You feel very sick.
* * * LOW HITPOINT WARNING * * *
You feel sick.
The water moccasin bites you but does no damage.
Your crimson imp blinks!
You swap places.
* * * LOW HITPOINT WARNING * * *
You feel sick.
The water moccasin bites your crimson imp!
Your crimson imp barely misses the water moccasin.
* * * LOW HITPOINT WARNING * * *
You feel sick.
The water moccasin bites your crimson imp but does no damage.
Your crimson imp hits the water moccasin but does no damage.
The water moccasin bites your crimson imp.
* * * LOW HITPOINT WARNING * * *
You feel sick.
The water moccasin bites your crimson imp!
Your crimson imp dies!
Your crimson imp disappears in a puff of smoke!
There is a lethal amount of poison in your body!
* * * LOW HITPOINT WARNING * * *
You feel sick.
Found 3 gold pieces.
You die...

..$..# #....#..# #.##
$..<.# #...## #..# .# #
###..## ##.# ## #.##
#....# #.# ## ....##.##n#
#ยง# .## $.... #.##
####.##### ..## #....
#.S# #......... ...#
####.###l# #..)......
#..# ....#...@##.#
#n........ ##.###
#.#.......#.# #.........
#...####...........#
##..####### #.#...#
#..........###..##
#.....####.............##
#####..$.###.....#...####
..###.##.##.......#..#
#..##.##..........#..#
##..#...###.......#..#


There were no monsters in sight!

Vanquished Creatures
  A scorpion (D:4)
  Jessica (D:3)
  4 adders
  6 gnolls
  2 worms
  2 dart slugs
  An orc (D:5)
  An endoplasm (D:1)
  2 giant cockroaches (D:4)
  8 goblins
  A hobgoblin (D:2)
  A jackal (D:2)
  2 kobolds
  4 quokkas
  5 ball pythons
  2 bats
  6 frilled lizards
  5 rats (D:1)
54 creatures vanquished.

Vanquished Creatures (collateral kills)
  2 jellies
  3 gnolls (D:4)
  An adder (D:4)
  2 ufetubi (D:4)
  A worm (D:3)
  A dart slug (D:4)
  2 orcs (D:4)
  2 ball pythons
  3 endoplasms
  3 goblins
  A jackal (D:2)
  A frilled lizard (D:2)
  2 kobolds (D:4)
24 creatures vanquished.

Grand Total: 78 creatures vanquished

Notes
Turn   | Place    | Note
-------+----------+-------------------------------------------
     0 | D:1      | glaedl the Draconian Venom Mage began the quest for the
                  | Orb.
     0 | D:1      | Reached XP level 1. HP: 14/14 MP: 3/3
   377 | D:1      | Reached XP level 2. HP: 20/20 MP: 0/5
   448 | D:1      | Learned a level 2 spell: Poisonous Vapours
   614 | D:1      | Found a faded altar of an unknown god.
  1161 | D:2      | Reached XP level 3. HP: 2/26 MP: 4/6
  1512 | D:2      | Learned a level 2 spell: Call Imp
  2418 | D:2      | Reached XP level 4. HP: 28/33 MP: 0/7
  2487 | D:3      | Noticed Jessica
  2499 | D:3      | Killed Jessica
  2511 | D:3      | Found a hazy altar of Hepliaklqana.
  3422 | D:3      | Reached XP level 5. HP: 32/38 MP: 0/9
  3960 | D:4      | Learned a level 4 spell: Olgreb's Toxic Radiance
  4209 | D:4      | Reached skill level 4 in Poison Magic
  4209 | D:4      | Reached XP level 6. HP: 32/45 MP: 1/10
  4701 | D:4      | Found Mifet's Magic Scroll Shoppe.
  5484 | D:5      | Entered Level 5 of the Dungeon
  5731 | D:5      | Noticed a water moccasin
  5756 | D:5      | HP: 2/45 [poisoned by a water moccasin]
  5759 | D:5      | Succumbed to a water moccasin's poison

Illustrated notes

Levels and vault maps discovered:
D:1:      lightli_arrival_boilingwater, layout_basic,
          chequers_ecumenical_altar_twisty
D:2:      layout_basic
D:3:      layout_loops_cross, general_overflow_altar, uniq_jessica
D:4:      layout_rooms, serial_shops, shop, grunt_decor_resistance,
          kennysheep_generic_room_14
D:5:      layout_rooms, zin_statuary, slow_altar_2

Skill      XL: |  1  2  3  4  5 |
---------------+----------------+-----
Stealth        | 2 3 |  3.3
Dodging        | 2 3 |  3.1
Transmutations | 2 |  2.9
Spellcasting   | 3 |  3.2
Poison Magic   | 4 |  4.2

Action                   |  1- 3 |  4- 6 || total
-------------------------+-------+-------++-------
Melee: Unarmed           |    13 |       ||    13
       Dagger            |    39 |    55 ||    94
       Tailslap          |     2 |     2 ||     4
       Punch             |     1 |       ||     1
Throw: Throwing net      |       |     2 ||     2
 Cast: Sting             |    40 |    32 ||    72
       Call Imp          |     9 |    37 ||    46
       Poisonous Vapours |     1 |    38 ||    39
       Olgreb's Toxic Ra |       |     1 ||     1
  Use: Scroll            |     6 |     7 ||    13
       Potion            |     4 |     4 ||     8
 Stab: Distracted        |       |     1 ||     1
Armor: Skin              |    25 |    40 ||    65
Dodge: Dodged            |    55 |    91 ||   146

Table legend: (Time is in decaauts)
 A = Elapsed time spent in this place.
 B = Non-inter-level travel time spent in this place.
 C = Inter-level travel time spent in this place.
 D = Time resting spent in this place.
 E = Time spent auto-exploring this place.
 F = Levels seen in this place.
 G = Mean time per level.
                   A        B        C        D        E       F      G
               +--------+--------+--------+--------+--------+-----+--------+
         Total |   5760 |   5739 |     21 |   2996 |    851 |   5 | 1152.0 |
       Dungeon |   5760 |   5739 |     21 |   2996 |    851 |   5 | 1152.0 |
               +--------+--------+--------+--------+--------+-----+--------+

Top non-repeatable levels by time:
     D:4: 1541 daAuts
     D:3: 1486 daAuts
     D:2: 1410 daAuts
     D:1: 1046 daAuts
     D:5: 274 daAuts
